 Dungeon Crawl Stone Soup version 0.27-a0-1185-ga233589e6f (webtiles) character file.

Game seed: 5475316538371350884

455 Feb132020 the Magician (level 6, -8/33 HPs)
             Began as a Deep Elf Hedge Wizard on May 19, 2021.
             Was an Elder of Elyvilon.
             Mangled by an ogre
             ... wielding a +0 giant club
              (16 damage)
             ... on level 6 of the Dungeon.
             The game lasted 00:26:05 (6667 turns).

Feb132020 the Magician (Deep Elf Hedge Wizard)      Turns: 6667, Time: 00:26:06

Health: -8/33      AC:  3    Str:  8    XL:     6   Next: 76%
Magic:  14/17      EV: 13    Int: 20    God:    Elyvilon [****..]
Gold:   195        SH:  0    Dex: 14    Spells: 9/18 levels left

rFire    . . .     SeeInvis .   b - +5 scimitar
rCold    . . .     Faith    .   (no shield)
rNeg     . . .     Spirit   .   e - +0 robe
rPois    .         Reflect  .   n - +0 helmet
rElec    .         Harm     .   (no cloak)
rCorr    .         Rampage  .   (no gloves)
Will     .....                  (no boots)
Stlth    ++........             (no amulet)
HPRegen  0.11/turn              (no ring)
MPRegen  0.15/turn              (no ring)

@: no status effects
A: no striking features
a: Renounce Religion, Lesser Healing, Heal Other, Purification, Greater Healing,
Divine Protection


You were on level 6 of the Dungeon.
You worshipped Elyvilon.
Elyvilon was greatly pleased with you.
You visited 1 branch of the dungeon, and saw 6 of its levels.

You collected 195 gold pieces.

Inventory:

Hand Weapons
 a - a +1 dagger of speed
 b - a +5 scimitar (weapon)
 j - a +0 dagger
Missiles
 d - 31 poisoned darts
Armour
 c - a +0 hat
 e - a +0 robe (worn)
 n - a +0 helmet (worn)
Potions
 h - 2 potions of ambrosia {unknown}
 k - 2 potions of curing
 l - 2 potions of lignification {unknown}
 m - a potion of degeneration {unknown}
 o - a potion of flight {unknown}


   Skills:
 + Level 0.5 Fighting
 + Level 0.3(1.3) Short Blades
 + Level 1.8 Long Blades
 + Level 3.3 Dodging
 + Level 3.2 Stealth
 * Level 6.6 Spellcasting
 * Level 3.3 Conjurations
 + Level 1.1 Summonings
 + Level 1.6 Translocations
 * Level 1.7 Poison Magic
 * Level 2.6 Invocations


You had 9 spell levels left.
You knew the following spells:

 Your Spells              Type           Power      Damage    Failure   Level
a - Magic Dart            Conj           76%        1d6       2%          1
b - Conjure Flame         Conj/Fire      13%        6-21      16%         3
c - Mephitic Cloud        Conj/Pois/Air  13%        N/A       14%         3
B - Blink                 Tloc           N/A        N/A       8%          2

Your spell library contained the following spells:

 Spells                   Type           Power      Damage    Failure   Level
 Call Imp                 Summ           11%        N/A       10%         2
 Slow                     Hex            6%         N/A       16%         2


Dungeon Overview and Level Annotations

Branches:
Dungeon (6/15)
 Temple: D:4-7

Altars:
Elyvilon
Uskayaw

Shops:
D:4 *(!

Annotations:
D:3 Sigmund
D:4 3 runed translucent doors, grizmgrazm2's ghost, amateur DEIE


Message History

The hound barely misses the hound.
The hound is engulfed in noxious fumes.
The hound is engulfed in noxious fumes. x2; The hound appears confused.
The hound bites the hound.
b - a +5 scimitar (weapon)
Unknown command.
You barely miss the hound.
The hound is heavily wounded.
You strike the helpless hound from behind!
You hit the hound but do no damage.
The hound is heavily wounded.
The hound bites the hound. x2; The hound bites itself.
The hound bites the hound but does no damage.
The shadow imp shouts, "Scamper away, thou currish tip-merry gonus!"
You hear a bark!
An ogre comes into view. It is wielding a +0 giant club.
You hear a shout!
You hear a bark!
You hear a bark!
Found a scroll labelled KIUVU LUACA.
Casting: Mephitic Cloud (quite dangerous; 14% risk of failure)
Confirm with . or Enter, or press ? or * to list all spells.
The spell is quite dangerous to cast (14% risk of failure)!
Continue anyway?
Aiming: Mephitic Cloud (quite dangerous; 14% risk of failure)
Press: ? - help, Shift-Dir - straight line, f - ogre
Aim: an ogre, wielding a +0 giant club (wandering, hasn't noticed you, chance to affect: 77%)
The ball explodes into a vile cloud!
The stinking cloud engulfs the ogre but does no damage.
The ogre shouts!
The ogre is engulfed in noxious fumes.
The ogre appears confused.
You hit the ogre.
The ogre is lightly wounded.
The ogre is engulfed in noxious fumes.
The ogre appears confused.
The ogre gestures wildly.
The ogre misses you.
You slash the ogre!
The ogre is moderately wounded.
The ogre is engulfed in noxious fumes.
The ogre appears confused.
The ogre hits you with a +0 giant club!
You die...

#############
#.#####....5Zhh...#
#...Z)..#########.#
......###### ##..#
##### ####..##
##....## #O@####
..?.°°°## .###°## #


You could see an ogre (confused).

Vanquished Creatures
  A black bear (D:4)
  A scorpion (D:4)
  2 orc priests
  Jessica (D:2)
  2 orc wizards (D:3)
  A hound skeleton (D:4)
  Robin (D:3)
  3 adders
  An ufetubus (D:4)
  3 worms
  3 dart slugs
  7 orcs
  10 endoplasms
  3 giant cockroaches
  7 hobgoblins
  10 jackals
  8 kobolds
  4 quokkas
  5 ball pythons
  4 bats
  A frilled lizard (D:3)
  12 goblins
  7 rats
97 creatures vanquished.

Vanquished Creatures (others)
  4 toadstools (D:1)
4 creatures vanquished.

Grand Total: 101 creatures vanquished

Notes
Turn   | Place    | Note
-------+----------+-------------------------------------------
     0 | D:1      | Feb132020 the Deep Elf Hedge Wizard began the quest for the
                  | Orb.
     0 | D:1      | Reached XP level 1. HP: 10/10 MP: 7/7
   414 | D:1      | Reached XP level 2. HP: 15/15 MP: 9/9
   417 | D:1      | Learned a level 2 spell: Blink
   868 | D:1      | Reached skill level 5 in Spellcasting
  1086 | D:1      | Found a faded altar of an unknown god.
  1089 | D:1      | Became a worshipper of Elyvilon the Healer
  1089 | D:1      | Reached * piety under Elyvilon
  1577 | D:2      | Reached XP level 3. HP: 19/19 MP: 7/11
  1875 | D:2      | Reached ** piety under Elyvilon
  2328 | D:2      | You fall into a shaft and drop 2 floors!
  2429 | D:3      | Found a hide-covered altar of Uskayaw.
  2738 | D:3      | Reached XP level 4. HP: 22/24 MP: 13/13
  2861 | D:2      | Reached skill level 1 in Invocations
  3061 | D:2      | Noticed Jessica
  3065 | D:2      | Killed Jessica
  3228 | D:3      | Learned a level 3 spell: Mephitic Cloud
  3677 | D:3      | Noticed Sigmund
  3758 | D:3      | Reached XP level 5. HP: 28/28 MP: 8/15
  3763 | D:3      | Learned a level 3 spell: Conjure Flame
  4063 | D:3      | Noticed Robin
  4102 | D:3      | Killed Robin
  4277 | D:3      | Reached skill level 1 in Long Blades
  4442 | D:4      | Found Duniodgham's Weapon Shoppe.
  4442 | D:4      | Identified the +5 scale mail of the Abyss {Harm Slay+3}
  4533 | D:4      | Reached *** piety under Elyvilon
  4634 | D:4      | Reached skill level 6 in Spellcasting
  4634 | D:4      | Reached skill level 1 in Poison Magic
  5055 | D:4      | Noticed a black bear
  5124 | D:3      | Reached XP level 6. HP: 16/33 MP: 17/17
  5426 | D:4      | Found Kegeag's Distillery.
  5821 | D:4      | Found Beh Ekhlina's Assorted Antiques.
  6320 | D:4      | Found a runed translucent gate.
  6320 | D:4      | Noticed grizmgrazm2's ghost (amateur DEIE)
  6335 | D:4      | Found a runed translucent gate.
  6335 | D:4      | Found a runed translucent gate.
  6395 | D:5      | Entered Level 5 of the Dungeon
  6605 | D:5      | Reached **** piety under Elyvilon
  6614 | D:5      | Noticed a sky beast
  6620 | D:5      | Noticed an ice beast
  6667 | D:6      | Mangled by an ogre

Illustrated notes

Levels and vault maps discovered:
D:1:      ldierk_walled_garden_2, layout_basic,
          hellmonk_ecumenical_altar_inner_sanctum
D:2:      layout_loops_ring, kennysheep_jessica_study
D:3:      layout_loops_ring, nicolae_uskayaw_murder_on_the_dancefloor,
          uniq_sigmund, uniq_robin
D:4:      minmay_evil_eye, layout_layer_cave, gammafunk_ghost_split,
          serial_shops, shop, shop, shop
D:5:      layout_cave_pools, grunt_dithmenos_smoke, general_overflow_altar,
          minmay_temple_entry_enclosed_plants,
          lightli_ossuary_entry_decrepit_ruins, serial_gnoll_camp,
          gnoll_camp_medium_01, gnoll_camp_huts_moat, gnoll_camp_mini_hut,
          gnoll_camp_mini_hut, gnoll_camp_mini_loothouse, gnoll_camp_mini_shop,
          dk_noncrumbling_4
D:6:      layout_rooms, gammafunk_ghost_nasty_kobolds, kennysheep_boxes,
          uniq_duvessa

Skill      XL: |  1  2  3  4  5  6 |
---------------+-------------------+-----
Spellcasting   | 5 6 |  6.6
Dodging        | 3 |  3.3
Invocations    | 1 2 |  2.6
Conjurations   | 2 3 |  3.3
Long Blades    | 1 |  1.8
Stealth        | 3 |  3.2
Poison Magic   | 1 |  1.7
Fighting       | |  0.5
Short Blades   | |  0.3
Summonings     | |  1.1
Translocations | |  1.6

Action                   |  1- 3 |  4- 6 || total
-------------------------+-------+-------++-------
Melee: Dagger            |    21 |    13 ||    34
       Scimitar          |    32 |    49 ||    81
 Cast: Magic Dart        |   109 |   104 ||   213
       Mephitic Cloud    |       |     3 ||     3
  Use: Potion            |       |     1 ||     1
       Scroll            |       |     3 ||     3
 Stab: Sleeping          |     1 |     4 ||     5
       Confused          |       |     1 ||     1
Armor: Robe              |    11 |    14 ||    25
Dodge: Dodged            |    41 |    49 ||    90
       Rpst.: Scimitar   |     5 |     8 ||    13

Table legend: (Time is in decaauts)
 A = Elapsed time spent in this place.
 B = Non-inter-level travel time spent in this place.
 C = Inter-level travel time spent in this place.
 D = Time resting spent in this place.
 E = Time spent auto-exploring this place.
 F = Levels seen in this place.
 G = Mean time per level.
                   A        B        C        D        E       F      G
               +--------+--------+--------+--------+--------+-----+--------+
         Total |   6673 |   6342 |    331 |    812 |   4619 |   6 | 1112.2 |
       Dungeon |   6673 |   6342 |    331 |    812 |   4619 |   6 | 1112.2 |
               +--------+--------+--------+--------+--------+-----+--------+

Top non-repeatable levels by time:
     D:3: 2070 daAuts
     D:4: 1601 daAuts
     D:2: 1533 daAuts
     D:1: 1384 daAuts
     D:5: 57 daAuts
     D:6: 26 daAuts
